[Event "Early-Titled-Tuesday-Blitz-July-09-2024"]
[Site "Chess.com"]
[Date "2024.07.09"]
[Round "9"]
[White "le-castor-faineant"]
[Black "ThetNaung291"]
[Result "0-1"]
[WhiteElo "2310"]
[BlackElo "2442"]
[TimeControl "180+1"]
[EndTime "9:46:37 PDT"]
[Termination "ThetNaung291 won by resignation"]

1. e4 c5 2. Nf3 d6 3. c3 Nf6 4. Bd3 Nc6 5. Bc2 Bg4 6. h3 Bxf3 7. Qxf3 g6 8. d3 Bg7 9. Nd2 O-O 10. a4 a6 11. O-O b5 12. Qe2 Qb6 13. Nf3 b4 14.
Be3 bxc3 15. bxc3 Nd7 16. Rfb1 Qa5 17. d4 Qxc3 18. dxc5 Nxc5 19. Ra2 Ne5 20. Nxe5 Qxe5 21. Bxc5 Qxc5 22. Bd3 a5 23. Rc2 Qd4 24. Bb5 Rfc8 25. Rbc1 Rxc2 26. Qxc2 Bf6 27. Qc4 Qb2 28. Qc2 Qb4 29.
Qc4 Qd2 30. Qc2 Qf4 31. g3 Qg5 32. Kg2 h5 33. h4 Qe5 34. Qc6 Rf8 35. Qd5 Qb2 36.
Rf1 Kg7 37. Rd1 Be5 38. Qd2 Qb4 39. Qxb4 axb4 40. Rb1 Bc3 41. a5 Rb8 42. Bc4 Ra8 43. a6 e6 44. Rd1 Be5 45. Rb1 Bc3 46. Rd1 Be5 47. Rb1 Rb8 48. a7 Ra8 49. Rxb4 Rxa7 50.
Rb3 Kf6 51. f4 Bd4 52. Rd3 Bc5 53. Rd2 Ra4 54. Bb3 Ra3 55. Rd3 Ra1 56. Kf3 Rb1 57.
Bc2 Rb2 58. Rc3 Ke7 59. e5 Rb4 60. exd6+ Bxd6 61. Rb3 Rc4 62. Bd3 Rc7 63. Be4 f5 64. Rb7 fxe4+ 0-1

[Event "Early-Titled-Tuesday-Blitz-July-09-2024"]
[Site "Chess.com"]
[Date "2024.07.09"]
[Round "9"]
[White "Kildepiotr"]
[Black "ketster"]
[Result "1-0"]
[WhiteElo "2709"]
[BlackElo "2585"]
[TimeControl "180+1"]
[EndTime "9:46:38 PDT"]
[Termination "Kildepiotr won by checkmate"]

1. Nf3 Nf6 2. g3 d5 3. Bg2 e6 4.
O-O c5 5. d3 Nc6 6. Nbd2 g6 7. e4 Bg7 8. Qe2 O-O 9. c3 a5 10.
Re1 b6 11. Nf1 dxe4 12. dxe4 Ba6 13. Qe3 Ng4 14. Qg5 Nge5 15. Qxd8 Rfxd8 16. Bg5 f6 17. Nxe5 Nxe5 18. Be3 Nd3 19. Reb1 Rab8 20. Nd2 Kf7 21. Bf1 f5 22. exf5 gxf5 23. Nf3 h6 24. Rd1 e5 25.
Bxh6 e4 26. Bxg7 Kxg7 27. Bxd3 Bxd3 28. Ne5 Be2 29. Rd7+ Rxd7 30. Nxd7 Rb7 31. Ne5 Kf6 32. Re1 Bh5 33. f4 exf3 34. Kf2 b5 35. Nxf3 b4 36. c4 Rd7 37. h3 Rd3 38. Re3 Rd1 39. b3 Ra1 40.
Re2 Rh1 41. h4 Ra1 42. Rd2 Bxf3 43. Kxf3 Rf1+ 44. Rf2 Ra1 45. g4 fxg4+ 46. Kxg4+ Kg6 47. Kf4 Rh1 48. Ke5 Rxh4 49. Kd6 Rh5 50. Kc6 Re5 51. Kb5 a4 52. Kxa4 Re8 53. Kb5 Re5 54. Rd2 Kf6 55. Rd5 Re2 56. Rxc5 Rxa2 57. Kxb4 Ke6 58. Rd5 Rb2 59. Rd3 Rb1 60. Kc5 Ke7 61. b4 Rb2 62. b5 Ke6 63. Kc6 Rb1 64. c5 Ke7 65. b6 Rc1 66. Rd5 Ke6 67. Rd2 Rb1 68. Re2+ Kf7 69.
b7 Rb2 70. Rxb2 Kf6 71. Kc7 Ke5 72. b8=Q Kd4 73. Qd8+ Kc3 74. Qd2+ Kc4 75. Rb4+ Kxc5 76. Qd6# 1-0

[Event "Early-Titled-Tuesday-Blitz-July-09-2024"]
[Site "Chess.com"]
[Date "2024.07.09"]
[Round "9"]
[White "Fandorine"]
[Black "baki83"]
[Result "1/2-1/2"]
[WhiteElo "2917"]
[BlackElo "2821"]
[TimeControl "180+1"]
[EndTime "9:46:40 PDT"]
[Termination "Game drawn by repetition"]

1. c4 e5 2. g3 c6 3. d4 e4 4.
d5 Bb4+ 5. Bd2 Bxd2+ 6. Qxd2 d6 7. Nc3 Nf6 8. Bg2 Qe7 9. dxc6 Nxc6 10. Rd1 Be6 11. b3 O-O-O 12. Nxe4 Nxe4 13. Bxe4 Rhe8 14. Bxc6 bxc6 15. Nf3 Bh3 16. Nd4 c5 17. Nb5 d5 18.
cxd5 Rxd5 19. Nxa7+ Kc7 20. Qa5+ Kb7 21. Qb5+ Kxa7 22.
Rxd5 Qe4 23. Qxc5+ Kb7 24. Qb5+ Kc7 25. Qc4+ Qxc4 26.
bxc4 Bg2 27. Rg1 Bxd5 28. cxd5 Ra8 29. f3 Kd6 30. Kf2 Kxd5 31. Rd1+ Ke6 32. Ra1 Ra3 33. Ke1 Ke5 34. Kd2 Kd4 35. Kc2 Ke3 36. Kb2 Ra7 37.
a4 Kxe2 38. Ra3 Kf2 39. a5 Kg2 40. g4 Kxh2 41. Kc3 g6 42. g5 Kg3 43. Kd4 Kf4 44.
Kc5 Kxg5 45. Kb6 Ra8 46. a6 Kf4 47. Kb7 Rxa6 48. Kxa6 h5 49. Kb5 h4 50. Ra4+ Kxf3 51.
Rxh4 g5 52. Rh7 f5 53. Kc4 g4 54. Kd3 g3 55. Rg7 f4 56. Kd4 Ke2 57. Ke4 f3 58. Rxg3 f2 59. Re3+ Kd2 60. Rd3+ Ke2 61. Re3+ Kd2 62.
Rf3 Ke2 63. Re3+ 1/2-1/2

[Event "Early-Titled-Tuesday-Blitz-July-09-2024"]
[Site "Chess.com"]
[Date "2024.07.09"]
[Round "9"]
[White "ural58"]
[Black "Baronessa08"]
[Result "1/2-1/2"]
[WhiteElo "2439"]
[BlackElo "2587"]
[TimeControl "180+1"]
[EndTime "9:46:40 PDT"]
[Termination "Game drawn - insufficient material"]

1. e4 e5 2. f4 d5 3. exd5 exf4 4. Nf3 Nf6 5. Bb5+ c6 6. dxc6 Nxc6 7. Nc3 Bd6 8. Qe2+ Be6 9. Nd4 O-O 10. Nxe6 fxe6 11. Bxc6 bxc6 12. b3 e5 13. Bb2 Qd7 14. O-O-O Rae8 15. g3 Nd5 16. Nxd5 cxd5 17. gxf4 Rxf4 18.
Rhg1 d4 19. Rg3 Ref8 20. Rdg1 g6 21. Kb1 Rf2 22. Qd3 Qf5 23. Qc4+ Kg7 24. Rc1 Rxd2 25. Qd5 Bc7 26. Qb7 Rf7 27. h4 Rh2 28. Rg5 Qf3 29.
Qxa7 Rxh4 30. Rcg1 Rh1 31. Bxd4 exd4 32. Qxd4+ Qf6 33. Rxg6+ hxg6 34. Qxf6+ Rxf6 35. Rxh1 g5 36. Rg1 Kg6 37. a4 Rf4 38. Kb2 g4 39. c3 Kg5 40.
b4 Rf2+ 41. Kb3 g3 42. a5 Kg4 43.
c4 g2 44. c5 Kh3 45. a6 Bh2 46.
a7 Rf8 47. Rxg2 Kxg2 48. b5 Bg1 49. Kb4 Rc8 50. b6 Bxc5+ 51. Kb5 Bxb6 52. Kxb6 Kf3 53. Kb7 Rh8 54. a8=Q Rxa8 55. Kxa8 1/2-1/2

[Event "Early-Titled-Tuesday-Blitz-July-09-2024"]
[Site "Chess.com"]
[Date "2024.07.09"]
[Round "9"]
[White "theoneandonlydaaevik"]
[Black "Zheenbekov86"]
[Result "1-0"]
[WhiteElo "2623"]
[BlackElo "2473"]
[TimeControl "180+1"]
[EndTime "9:46:41 PDT"]
[Termination "theoneandonlydaaevik won on time"]

1. Nf3 Nf6 2. g3 g6 3. Bg2 Bg7 4. O-O O-O 5. d3 d5 6. c3 c5 7. Nbd2 Nc6 8. Qc2 e5 9. e4 d4 10. a4 h6 11. Nc4 Qc7 12. cxd4 cxd4 13. Ncxe5 Ng4 14. Nxc6 bxc6 15. Bd2 Bd7 16. Rfc1 Rab8 17. b4 Qd8 18. h3 Ne5 19. Nxe5 Bxe5 20. Bxh6 Re8 21. Bd2 Qe7 22. Rab1 Bg7 23. Qc5 Qd8 24. Bf4 Rb7 25. a5 a6 26. Bg5 Qb8 27. Bf4 Qd8 28.
e5 g5 29. Qxd4 gxf4 30. gxf4 Qc8 31. Qe3 Rb5 32. d4 Bf8 33. d5 Bf5 34. Rxc6 Qb8 35.
Qg3+ Bg7 36. Rbc1 Rxb4 37. Qg5 Bd7 38. Rc7 Rb1 39. Rxb1 Qxb1+ 40. Kh2 Qf5 41. Qxf5 Bxf5 42. d6 Bh6 43. Kg3 Rb8 44. Bd5 Be6 45. Bxe6 fxe6 46. Re7 Rb4 47. d7 Bxf4+ 48. Kf3 Rd4 49. Re8+ Kf7 50. d8=Q Rxd8 51. Rxd8 Bxe5 52. Ra8 Bc3 53.
Rxa6 1-0

[Event "Early-Titled-Tuesday-Blitz-July-09-2024"]
[Site "Chess.com"]
[Date "2024.07.09"]
[Round "9"]
[White "gmpeter008"]
[Black "ozates"]
[Result "0-1"]
[WhiteElo "2466"]
[BlackElo "2628"]
[TimeControl "180+1"]
[EndTime "9:46:42 PDT"]
[Termination "ozates won by resignation"]

1. d4 Nf6 2. c4 g6 3. Nf3 Bg7 4. e3 O-O 5. Be2 d6 6. O-O Nbd7 7. b3 e5 8. Bb2 Re8 9. Nc3 b6 10. dxe5 Nxe5 11. Nxe5 dxe5 12. Qxd8 Rxd8 13. Rad1 Be6 14. Nb5 Ne8 15. Bf3 e4 16. Bxg7 exf3 17. Be5 fxg2 18. Kxg2 Rdc8 19. h4 a6 20. Nd4 Bd7 21. h5 c5 22. Ne2 Bg4 23. f3 Bxh5 24. Nf4 f6 25.
Bc3 Rd8 26. Nd5 Rd6 27. Nxf6+ Rxf6 28. Bxf6 Nxf6 29. Rd6 Kf7 30. Rxb6 Rd8 31. Rxa6 g5 32. Rc6 Bg6 33. Rxc5 g4 34. fxg4 Rd2+ 35. Kg3 Ke7 36.
Rc7+ Kd6 37. Ra7 Ne4+ 38. Kf4 Nc3 39. Kg5 Nxa2 40. Rf6+ Ke5 41. Ra5+ Ke4 42. c5 Rd5+ 43. Kh6 Nc3 44. b4 Ke5 45. c6 Kxf6 46. c7 Rd1 47.
c8=Q Rh1+ 48. Rh5 Bxh5 49. gxh5 Nd5 50. Qc6+ Ke5 51. Qe8+ Kd6 52. Qd8+ Ke5 53. Qh8+ Nf6 54. b5 Rxh5+ 55. Kg7 Rg5+ 56. Kf7 Rf5 57. Qb8+ Kd5 58. Qb7+ Ke5 59. Qc7+ Ke4 60. Qc6+ Nd5+ 61. Ke6 Rf6+ 62. Kd7 Rxc6 63. bxc6 h5 64. Kd6 h4 65. c7 Nxc7 0-1

[Event "Early-Titled-Tuesday-Blitz-July-09-2024"]
[Site "Chess.com"]
[Date "2024.07.09"]
[Round "9"]
[White "TigrVShlyape"]
[Black "alexrustemov"]
[Result "1/2-1/2"]
[WhiteElo "2979"]
[BlackElo "2886"]
[TimeControl "180+1"]
[EndTime "9:46:43 PDT"]
[Termination "Game drawn by repetition"]

1. d4 d5 2. Bf4 Nf6 3. e3 c5 4. c3 Nc6 5. Nd2 Bg4 6. Ngf3 e6 7. Bb5 Qb6 8. Qa4 Bxf3 9. Nxf3 Nd7 10. O-O a6 11. c4 Rc8 12. Bxc6 Qxc6 13. Qxc6 bxc6 14. Rfc1 Be7 15. Rc2 f6 16. Rac1 Kf7 17. h4 h5 18.
Ne1 a5 19. Nd3 cxd4 20. exd4 Nb6 21. cxd5 Nxd5 22. Rxc6 Rxc6 23. Rxc6 Nb4 24. Nxb4 axb4 25. Bd6 Bxd6 26. Rxd6 Ra8 27. Rb6 Rxa2 28. Rxb4 Ra1+ 29. Kh2 Rd1 30. g3 Kg6 31. Kg2 Rd2 32. Kf3 Kf5 33. Ke3 Rc2 34. Rb7 g5 35. hxg5 fxg5 36. Rb5+ Kf6 37. f4 g4 38. Rxh5 Rg2 39. d5 Rxg3+ 40. Ke4 exd5+ 41. Rxd5 Rb3 42. Rd6+ Ke7 43. Rd2 Kf6 44.
Rd6+ Ke7 45. Rg6 Rxb2 46. Kf5 Rb5+ 47. Kxg4 Kf7 48. Rg5 Rb1 49. Ra5 Kf6 50. Ra6+ Kf7 51. Kg5 Rb5+ 52. f5 Rb7 53. Rh6 Rb1 54. Rh7+ Kg8 55. Ra7 Rb6 56. Rc7 Ra6 57. Re7 Rb6 58. Re6 Rb7 59. Kg6 Rg7+ 60. Kh6 Rh7+ 61. Kg6 Rg7+ 62.
Kf6 Rf7+ 63. Ke5 Ra7 64. Rb6 Kf7 65. Rh6 Ra5+ 66. Kf4 Ra1 67. Rb6 Rf1+ 68. Ke5 Re1+ 69. Kf4 Rf1+ 70. Ke5 Re1+ 71. Kf4 Rf1+ 1/2-1/2

[Event "Early-Titled-Tuesday-Blitz-July-09-2024"]
[Site "Chess.com"]
[Date "2024.07.09"]
[Round "9"]
[White "elis06"]
[Black "FerAsensio2024"]
[Result "1/2-1/2"]
[WhiteElo "2417"]
[BlackElo "2515"]
[TimeControl "180+1"]
[EndTime "9:46:50 PDT"]
[Termination "Game drawn by repetition"]

1. d4 d5 2. c4 e6 3. Nc3 h6 4.
cxd5 exd5 5. Nf3 Nf6 6. Bf4 c6 7. e3 Bd6 8. Bd3 O-O 9. O-O Bxf4 10. exf4 Bg4 11. h3 Bxf3 12. Qxf3 Qb6 13. Ne2 Re8 14.
Ng3 Ne4 15. Nf5 Kh7 16. Qg4 g6 17. Bxe4 dxe4 18. Nd6 Re7 19. Nc8 Qc7 20. Nxe7 Qxe7 21. f5 h5 22. fxg6+ fxg6 23. Qf4 Nd7 24. Rfe1 Nf6 25.
f3 Rd8 26. Rad1 e3 27. Qxe3 Qg7 28. Qe7 Rd7 29. Qxg7+ Kxg7 30. Kf2 h4 31. Rd3 Nd5 32. a3 g5 33. Re5 Kf6 34. Rd2 Nf4 35. Re4 a6 36. b3 Nd5 37. g3 hxg3+ 38. Kxg3 Rd8 39. h4 gxh4+ 40. Kxh4 Rg8 41. Rg4 Rh8+ 42. Kg3 Ne3 43. Rf4+ Kg5 44. Rf2 Nf5+ 45. Rxf5+ Kxf5 46. Re2 Rd8 47. Re7 b5 48. Rc7 Rxd4 49. Rxc6 a5 50. Rc5+ Kf6 51. Rxb5 a4 52. bxa4 Rxa4 53. Rb3 Kg5 54.
Kf2 Ra8 55. Ke3 Kf5 56. Rb5+ Ke6 57. Rb3 Ke5 58. f4+ Kd5 59. Kf3 Kc4 60. Re3 Kd4 61. f5 Ra7 62. Kf4 Ra8 63. Re4+ Kd5 64. a4 Rf8 65.
Re5+ Kd4 66. Re4+ Kd5 67. Rb4 Kc5 68. Re4 Kd5 1/2-1/2

[Event "Early-Titled-Tuesday-Blitz-July-09-2024"]
[Site "Chess.com"]
[Date "2024.07.09"]
[Round "9"]
[White "Puzzlebot_1294"]
[Black "BogdanDeac"]
[Result "1/2-1/2"]
[WhiteElo "2691"]
[BlackElo "2983"]
[TimeControl "180+1"]
[EndTime "9:46:51 PDT"]
[Termination "Game drawn by repetition"]

1. d4 Nf6 2. Bf4 g6 3. Nc3 d5 4.
e3 Bg7 5. h4 c6 6. Qd2 Qb6 7.
O-O-O h5 8. Nf3 Bg4 9. Be2 Nbd7 10. Ne5 Bxe2 11. Qxe2 Qa5 12. Kb1 Rc8 13. Qd3 b5 14.
f3 b4 15. Ne2 c5 16. dxc5 Nxc5 17. Qd2 Qb6 18. Nc1 a5 19. Ned3 Na4 20. Be5 Nc3+ 21.
Ka1 Nxd1 22. Rxd1 O-O 23. Nf4 Rfd8 24. g4 hxg4 25. h5 g5 26. Nfd3 gxf3 27. h6 Bxh6 28. Bd4 Qe6 29. Rh1 Ng4 30. Nb3 Qg6 31. Rg1 f5 32. Qd1 f2 33. Rf1 Bg7 34. Nxf2 Nxf2 35. Rxf2 e5 36. Ba7 f4 37. Rg2 a4 38. Nc1 b3 39. cxb3 axb3 40. Nxb3 Qf5 41. exf4 exf4 42. Bd4 Rd7 43. Qg1 Qe4 44. Rxg5 Rcc7 45. a3 f3 46. Be5 f2 47. Qxf2 Rf7 48. Qg1 Rce7 49. Bxg7 Rxg7 50. Nc5 Qc2 51. Rxg7+ Rxg7 52. Qd4 Re7 53. Qxd5+ Rf7 54. Qg5+ Rg7 55. Qd8+ Kh7 56. Qh4+ Kg8 57. Qd8+ Kf7 58. Qd7+ Kg6 59. Qg4+ Kh7 60. Qh5+ Kg8 61. Qe8+ Kh7 62. Qh5+ Kg8 63. Qe8+ Kh7 64. Qh5+ 1/2-1/2

[Event "Early-Titled-Tuesday-Blitz-July-09-2024"]
[Site "Chess.com"]
[Date "2024.07.09"]
[Round "9"]
[White "JosefineHeinemann"]
[Black "Karttunen"]
[Result "1/2-1/2"]
[WhiteElo "2528"]
[BlackElo "2669"]
[TimeControl "180+1"]
[EndTime "9:46:51 PDT"]
[Termination "Game drawn by repetition"]

1. c4 e5 2. g3 Nf6 3. Bg2 Nc6 4. Nc3 g6 5. Nf3 Bg7 6. O-O O-O 7. d4 exd4 8. Nxd4 Re8 9. Nc2 Ne5 10. b3 d6 11. Bb2 c6 12. Qd2 Qc7 13. Rad1 Bf5 14. Ne3 Be6 15. Qxd6 Qxd6 16. Rxd6 Neg4 17. Nxg4 Nxg4 18. Rfd1 Be5 19. R6d2 Bg7 20. e3 Ne5 21. Ne4 Bg4 22. Rc1 Rad8 23. Bxe5 Rxd2 24. Nxd2 Bxe5 25. f3 Bf5 26. g4 Rd8 27. Nf1 Be6 28. h3 f5 29. Kf2 f4 30. Ke2 g5 31. Rd1 Re8 32. e4 a5 33. Nd2 a4 34. Bf1 axb3 35. axb3 Ra8 36. Kd3 Ra2 37. Be2 b6 38. c5 b5 39.
Rc1 Rb2 40. Rb1 Rxb1 41. Nxb1 Bxb3 42. Nc3 Bc4+ 43. Kc2 Be6 44. Na2 Bd4 45. Nb4 Bd7 46. Nd3 Kf7 47. Kb3 Kf6 48. Kb4 Be6 49. Ka5 Ke7 50. Kb6 Bc4 51. Nc1 Kd7 52. Bxc4 bxc4 53. Na2 c3 54. Nb4 Be3 55. Nc2 h6 56. Nb4 Bd4 57.
Nc2 Be5 58. Nb4 Bc7+ 59. Kb7 Ba5 60. Nc2 Bc7 61. Nb4 Bd8 62. Nc2 Be7 63. Kb6 Bf6 64.
Kb7 Be5 65. Kb6 Bc7+ 66. Kb7 Ba5 67. Nd4 Bb4 68. Kb6 Ba3 69. Nc2 Bc1 70. Kb7 Be3 71.
Kb6 Bf2 72. Nb4 Be3 73. Nc2 Bf2 74. Nb4 Be3 75. Nc2 1/2-1/2

[Event "Early-Titled-Tuesday-Blitz-July-09-2024"]
[Site "Chess.com"]
[Date "2024.07.09"]
[Round "9"]
[White "banjadvorovi"]
[Black "GrotBchess"]
[Result "1-0"]
[WhiteElo "2457"]
[BlackElo "2585"]
[TimeControl "180+1"]
[EndTime "9:46:53 PDT"]
[Termination "banjadvorovi won by checkmate"]

1. Nf3 Nf6 2. b3 g6 3. Bb2 Bg7 4. c4 b6 5. e3 Bb7 6. Be2 O-O 7. O-O c5 8. d4 cxd4 9. Bxd4 d6 10. Nbd2 Nc6 11. Bb2 Rc8 12. Rc1 Qc7 13. Qc2 Qb8 14.
Qb1 Qa8 15. Rfd1 Ne5 16. Nxe5 dxe5 17. Bf3 Nd7 18. Bxb7 Qxb7 19. Qe4 Qc7 20. Nf3 Nc5 21. Qc2 Rfd8 22. e4 a5 23. Ne1 Ne6 24. Nd3 Nd4 25.
Bxd4 Rxd4 26. Ne1 Rcd8 27. Nf3 Rxd1+ 28. Rxd1 Rxd1+ 29. Qxd1 Bf6 30. Ne1 Kg7 31. Kf1 e6 32. Nc2 Qc6 33. Qd3 h5 34. Na3 Be7 35. Nb5 Bc5 36. f3 h4 37. h3 Qe8 38. Ke2 Qe7 39. Kd1 Qg5 40. Qe2 Qg3 41. Kc2 Bd4 42. a3 Qh2 43. b4 axb4 44. axb4 Qg1 45. Nxd4 exd4 46.
c5 bxc5 47. bxc5 Qa1 48. Qc4 e5 49. c6 Qa8 50. c7 Qc8 51. Qc5 Kh7 52. Qd6 Qb7 53.
Qc5 d3+ 54. Kxd3 Qb3+ 55. Qc3 Qd1+ 56. Kc4 Qa4+ 57. Kd5 Qd7+ 58. Kxe5 Qe7+ 59. Kf4 Qd6+ 60. e5 Qa6 61. c8=Q g5+ 62. Ke3 Qf1 63. Qf5+ Kh6 64. Qf6+ Kh5 65. Qxf7+ Kh6 66. Qc6# 1-0

[Event "Early-Titled-Tuesday-Blitz-July-09-2024"]
[Site "Chess.com"]
[Date "2024.07.09"]
[Round "9"]
[White "Chessdude1987"]
[Black "ploxoi"]
[Result "1-0"]
[WhiteElo "2349"]
[BlackElo "2465"]
[TimeControl "180+1"]
[EndTime "9:46:54 PDT"]
[Termination "Chessdude1987 won by resignation"]

1. e4 c5 2. Nf3 e6 3. d4 cxd4 4.
Nxd4 Nc6 5. Nc3 Qc7 6. g3 a6 7. Bg2 Nf6 8. O-O Nxd4 9. Qxd4 Bc5 10. Qd1 h6 11. Re1 d6 12. Be3 O-O 13. Qd2 Bxe3 14.
Rxe3 Rd8 15. Rd3 Rb8 16. Rd1 Ne8 17. h4 b5 18. Ne2 Bb7 19. Nf4 Bc6 20. Nh5 Qb7 21.
Qe2 g6 22. Nf4 e5 23. Nd5 Bxd5 24. Rxd5 Rbc8 25. Qd2 Kg7 26. f4 f6 27. f5 g5 28. Qe2 Rc6 29. Bf3 b4 30. R5d2 Nc7 31.
Bh5 Nb5 32. Bg6 Nd4 33. Qh5 Rh8 34. Be8 Rxe8 35. Qxe8 Qf7 36. Qxf7+ Kxf7 37. Kf2 a5 38. Rc1 Rc4 39. c3 Nb5 40. Rd5 Nc7 41. Rxd6 Ke7 42.
Rdd1 gxh4 43. gxh4 Rxe4 44. cxb4 Rf4+ 45. Kg3 Nb5 46.
bxa5 Nd4 47. Rxd4 Rxd4 48. Rc7+ Ke8 49. Rh7 Rf4 50. Rxh6 Rxf5 51. Rh7 Rf4 52. Ra7 Ra4 53. a3 f5 54. b4 Rxa3+ 55. Kf2 Ra4 56. b5 f4 57. b6 e4 58. b7 Ra2+ 59. Ke1 f3 60. Ra8+ 1-0

[Event "Early-Titled-Tuesday-Blitz-July-09-2024"]
[Site "Chess.com"]
[Date "2024.07.09"]
[Round "9"]
[White "vladjianu"]
[Black "Herzog2012"]
[Result "1/2-1/2"]
[WhiteElo "2611"]
[BlackElo "2717"]
[TimeControl "180+1"]
[EndTime "9:46:55 PDT"]
[Termination "Game drawn - insufficient material"]

1. d4 Nf6 2. c4 e6 3. Nf3 d5 4. g3 Be7 5. Bg2 O-O 6. O-O dxc4 7. Qc2 a6 8. a4 Bd7 9. Qxc4 Bc6 10. Bg5 h6 11. Bxf6 Bxf6 12. Nc3 Bxf3 13. Bxf3 c6 14. e3 a5 15. b4 axb4 16. Qxb4 Qe7 17. Rfb1 Ra7 18.
Ne4 Qxb4 19. Nxf6+ gxf6 20. Rxb4 Na6 21. Rb6 Nc7 22. Rab1 Rxa4 23. Rxb7 Nd5 24. Rc1 f5 25. Rxc6 Nf6 26. Rcc7 Ra1+ 27. Kg2 Ra2 28. h3 Kg7 29. Re7 Kg6 30. d5 Nxd5 31. Bxd5 exd5 32. Rb6+ Kg7 33.
Rd6 Rc8 34. Rxd5 Kg6 35. Rd6+ f6 36. Rdd7 Rcc2 37. Rg7+ Kh5 38. g4+ Kh4 39. gxf5 Rxf2+ 40. Kg1 Kxh3 41. Rg6 Rg2+ 42. Rxg2 Rxg2+ 43. Kf1 Rg5 44. Rh7 Rxf5+ 45. Ke2 h5 46. e4 Re5 47. Kf3 Kh4 48.
Kf4 Ra5 49. Rh6 Ra6 50. Kf5 Ra5+ 51. Kf4 Ra6 52. Rg6 Ra1 53. Rxf6 Rf1+ 54. Ke5 Re1 55. Rg6 Kh3 56. Kf5 h4 57. Rh6 Kg3 58. Rg6+ Kf3 59.
e5 h3 60. Rh6 Kg3 61. e6 h2 62. Kf6 Rf1+ 63. Kg7 Re1 64. Kf7 Rf1+ 65. Kg7 Re1 66. Kf7 Re4 67. e7 Rf4+ 68. Kg7 Re4 69. Kf7 Rf4+ 70.
Kg7 Re4 71. Rg6+ Kf2 72. Rh6 Rxe7+ 73. Kf6 Kg2 74. Kxe7 h1=Q 75. Rxh1 Kxh1 1/2-1/2

[Event "Early-Titled-Tuesday-Blitz-July-09-2024"]
[Site "Chess.com"]
[Date "2024.07.09"]
[Round "9"]
[White "Pitomina"]
[Black "Makswolf200817"]
[Result "0-1"]
[WhiteElo "2603"]
[BlackElo "2777"]
[TimeControl "180+1"]
[EndTime "9:46:57 PDT"]
[Termination "Makswolf200817 won on time"]

1. e4 c5 2. Nf3 d6 3. d4 cxd4 4. Nxd4 Nf6 5. Nc3 a6 6. Be2 e5 7.
Nb3 Be7 8. O-O O-O 9. Re1 Be6 10. Bf3 Qc7 11. a4 Rc8 12. Nd2 Nc6 13. Nf1 Nd4 14.
Bg5 h6 15. Bxf6 Bxf6 16. Ne3 Bg5 17. Ned5 Qc5 18. Be2 b5 19. axb5 axb5 20. Rxa8 Rxa8 21. Bd3 Rc8 22. Ne3 b4 23. Ncd5 Bxd5 24. Nxd5 Nxc2 25. Bxc2 Qxc2 26. b3 Qb2 27. Qd3 Rc2 28. Rf1 Rd2 29.
Qf3 Rd4 30. g3 Qc2 31. h4 Bd8 32. Re1 Rd3 33. Qe2 Qxe2 34. Rxe2 Rxb3 35. Kg2 Ba5 36. Ra2 Ra3 37. Rb2 b3 38. Kf3 g6 39. Ke3 Be1 40.
Kd3 Ra2 41. Rxb3 Bxf2 42. Kc4 Re2 43. Nc3 Re3 44. Rb8+ Kg7 45. Rd8 Be1 46. Nd5 Rxe4+ 47. Kb5 Bxg3 48. h5 gxh5 49. Kc6 Rc4+ 50. Kxd6 Rd4 51.
Kc6 e4 52. Re8 h4 53. Ne7 Kf6 54. Ng8+ Kg5 55. Ne7 Rd6+ 56. Kc5 Re6 57. Rg8+ Kf4 58. Nd5+ Kf3 59. Rf8 Bd6+ 60. Kc4 Bxf8 0-1

[Event "Early-Titled-Tuesday-Blitz-July-09-2024"]
[Site "Chess.com"]
[Date "2024.07.09"]
[Round "9"]
[White "RobertoJBM"]
[Black "Viacheslav92"]
[Result "1-0"]
[WhiteElo "2836"]
[BlackElo "2589"]
[TimeControl "180+1"]
[EndTime "9:47:00 PDT"]
[Termination "RobertoJBM won on time"]

1. d4 Nf6 2. Nf3 e6 3. e3 c5 4. Bd3 b6 5. O-O Bb7 6. c3 cxd4 7. exd4 Be7 8. Bg5 d6 9. Nbd2 Nh5 10. Bxe7 Qxe7 11.
Re1 Nf4 12. Bb5+ Nd7 13. g3 Ng6 14. Bf1 O-O 15. Bg2 Nf6 16. a4 a6 17. Nc4 Qc7 18.
Ne3 Nd5 19. Qd3 Nxe3 20. Qxe3 Rac8 21. h4 Ne7 22. h5 h6 23. Nh4 Bxg2 24. Kxg2 Nd5 25.
Qd3 Nf6 26. Qxa6 Qc6+ 27. Kg1 Nxh5 28. Qb5 Qxb5 29. axb5 Nf6 30. Ra6 Rb8 31. Ng2 Nd5 32. c4 Nf6 33. Ne3 Rfc8 34. Kf1 Kf8 35. Ke2 d5 36. b3 Ne4 37. g4 Nd6 38. Kd3 dxc4+ 39. bxc4 Rd8 40. f4 Rb7 41. Rea1 Nc8 42. Ra8 Rbd7 43.
d5 exd5 44. Nxd5 Ne7 45. Rxd8+ Rxd8 46. Kd4 Nxd5 47. cxd5 Ke7 48. Rc1 Rd6 49. Rc7+ Rd7 50. Rc6 Rd6 51. Ke5 f6+ 52. Ke4 g6 53. f5 gxf5+ 54.
gxf5 h5 55. Rc7+ Rd7 56. Rc6 Rd6 57. Rc8 h4 58. Rh8 Rd7 59. Rxh4 Kd6 60. Kd4 Re7 61. Rh6 Rf7 62. Rh8 Rg7 63. Rd8+ Rd7 64. Rc8 Rc7 65. Rb8 1-0

[Event "Early-Titled-Tuesday-Blitz-July-09-2024"]
[Site "Chess.com"]
[Date "2024.07.09"]
[Round "9"]
[White "Brown_Bear_MGL"]
[Black "Didici"]
[Result "1-0"]
[WhiteElo "2650"]
[BlackElo "2744"]
[TimeControl "180+1"]
[EndTime "9:47:03 PDT"]
[Termination "Brown_Bear_MGL won by resignation"]

1. b3 d5 2. Bb2 a5 3. a3 Bf5 4. Nf3 e6 5. g3 h5 6. Bg2 h4 7. Nxh4 Rxh4 8. gxh4 Qxh4 9. e3 Nd7 10. d3 Ngf6 11. Nd2 O-O-O 12. Nf3 Qh6 13. Qd2 b6 14. O-O-O Bd6 15. h4 e5 16. Ng5 Bg6 17. Rdg1 Kb8 18.
Bf3 Bh5 19. Qd1 Rf8 20. Bxh5 Nxh5 21. Kb1 f5 22. Rg2 Qg6 23. Rhg1 Qe8 24. Ne6 Qxe6 25. Qxh5 Nf6 26. Qg6 Rf7 27. h5 f4 28. h6 gxh6 29.
Qxh6 f3 30. Rg6 Qe7 31. Rg7 Nd7 32. Rxf7 Qxf7 33. Rg7 Qf5 34. Qh7 Qxh7 35. Rxh7 Nc5 36. Rh5 d4 37. exd4 exd4 38. Bxd4 Ne6 39. Be3 Bxa3 40.
Rf5 Kc8 41. Rxf3 Kd7 42. Rf7+ Kc6 43. f4 Bd6 44. f5 Nd8 45. Rh7 Kd5 46. Bg5 Nc6 47.
f6 Ke6 48. f7 Ne5 49. f8=Q Bxf8 50. Rxc7 Bc5 51. Bf4 Nf3 52. Bc1 Kd6 53. Rh7 Kc6 54.
Bf4 Nd4 55. Bc1 Nb5 56. Bb2 Bb4 57. Rh6+ Kb7 58. Rh5 Nc7 59. c3 Bd6 60. d4 Kc6 61. Ka2 b5 62. Ba3 Bf4 63. Rf5 Bd2 64. Rf6+ Kb7 65.
Bb2 Nd5 66. Rf3 b4 67. c4 Nc3+ 68. Bxc3 Bxc3 69. Rxc3 bxc3 70. Kb1 1-0

[Event "Early-Titled-Tuesday-Blitz-July-09-2024"]
[Site "Chess.com"]
[Date "2024.07.09"]
[Round "9"]
[White "deribas12345"]
[Black "Evan_Attaker"]
[Result "0-1"]
[WhiteElo "2629"]
[BlackElo "2745"]
[TimeControl "180+1"]
[EndTime "9:47:03 PDT"]
[Termination "Evan_Attaker won on time"]

1. d4 c5 2. d5 d6 3. c4 g6 4. Nc3 Bg7 5. e4 Nf6 6. Nge2 O-O 7. Ng3 Na6 8. Be2 Nc7 9. O-O a6 10. a4 Bd7 11. a5 Rb8 12. f4 b5 13.
axb6 Rxb6 14. Ra3 Qb8 15. e5 Nfe8 16. Nce4 Bc8 17. Qc2 dxe5 18. Nxc5 exf4 19. Rxf4 e6 20. Na4 Rb4 21. Bd2 Nxd5 22. Bxb4 Nxb4 23. Qe4 Bb7 24. Qe3 Nc2 25. Qf2 Nxa3 26. bxa3 Nd6 27. Nc5 Qc7 28. Nxb7 Qxb7 29. c5 Nb5 30. Bf3 Qc7 31. Ne2 Nxa3 32. c6 Nb5 33. Qc5 Nc3 34. Rb4 Nxe2+ 35. Bxe2 Rc8 36. Bf3 Bf8 37. Qc4 Bxb4 38. Qxb4 Qe5 39. h3 a5 40. Qb7 Rc7 41. Qa8+ Kg7 42. Kf2 h5 43. Qa6 Qc5+ 44. Kf1 h4 45. Ke2 Qd4 46. Kf1 a4 47. Qa5 Rc8 48. Ke2 Qc4+ 49. Kf2 Rxc6 50. Bxc6 Qxc6 51. Qe5+ Kg8 52. Qb8+ Kh7 53. Qa7 Kg7 54. Kg1 Qe4 55. Qc7 Qd4+ 56. Kf1 a3 57. Qa5 Qa1+ 58. Ke2 Qb2+ 59. Ke3 a2 0-1

[Event "Early-Titled-Tuesday-Blitz-July-09-2024"]
[Site "Chess.com"]
[Date "2024.07.09"]
[Round "9"]
[White "ChessSwole"]
[Black "Zq1"]
[Result "1/2-1/2"]
[WhiteElo "2703"]
[BlackElo "2596"]
[TimeControl "180+1"]
[EndTime "9:47:04 PDT"]
[Termination "Game drawn - insufficient material"]

1. d4 Nf6 2. Bg5 c5 3. Nc3 cxd4 4. Qxd4 e6 5. O-O-O h6 6. Qh4 Be7 7. e4 Qa5 8. Bd2 Qc7 9. Qg3 Qxg3 10. hxg3 a6 11. f3 Nc6 12. g4 Rg8 13. Na4 b5 14. Nb6 Rb8 15. Nxc8 Rxc8 16. Kb1 d5 17. exd5 Nxd5 18. Nh3 Ne5 19. Nf4 Nxf4 20. Bxf4 Bf6 21. a4 Nc4 22. axb5 axb5 23. c3 Ke7 24. Bxc4 Rxc4 25. Bd6+ Ke8 26. Rh5 Bg5 27. Bb4 f6 28. Rd6 Kf7 29. Rh1 Rb8 30.
Re1 e5 31. Rd7+ Kg6 32. Red1 e4 33. Re7 exf3 34. gxf3 Rg8 35. Rd5 Rf4 36. Rd3 h5 37.
gxh5+ Kxh5 38. Rb7 Rf5 39. Kc2 Kg6 40. Kb3 Re8 41. Rdd7 Bh6 42. Rd3 Be3 43. Rdd7 Bh6 44.
Rd3 Re3 45. Rxe3 Bxe3 46. Bf8 Bh6 47. Kb4 Rxf3 48. Kxb5 f5 49. c4 f4 50. c5 Rb3+ 51. Ka6 Rxb7 52. Kxb7 f3 53. c6 f2 54. c7 f1=Q 55. c8=Q Qb5+ 56. Ka7 Be3+ 57. Ka8 Qa5+ 58. Kb8 Qb6+ 59. Qb7 Qd8+ 60. Qc8 Bf4+ 61. Kb7 Qd5+ 62. Qc6+ Qxc6+ 63. Kxc6 Kf7 64. Bxg7 Kxg7 65. b4 Bh2 66. b5 Kg6 67. b6 Kh5 68. b7 Kh4 69. b8=Q Bxb8 1/2-1/2